 Dungeon Crawl Stone Soup version 0.24.0-123-gd5b16e6ec5 (webtiles) character file.

Game seed: 8294050562687996328, levelgen mode: deterministic

146 ElTigreChino the Covered (level 5, 43/47 HPs)
             Began as a Minotaur Fighter on Nov 7, 2019.
             Was an Initiate of Okawaru.
             Quit the game on level 3 of the Dungeon on Jan 27, 2020.
             The game lasted 00:10:55 (1159 turns).

ElTigreChino the Covered (Minotaur Fighter)         Turns: 1159, Time: 00:10:55

Health: 43/47      AC:  7    Str: 21    XL:     5   Next: 7%
Magic:  4/4        EV:  8    Int:  5    God:    Okawaru [......]
Gold:   76         SH:  9    Dex: 10    Spells: 4/4 levels left

rFire    . . .     SeeInvis .   a - +0 long sword
rCold    . . .     Gourm    .   c - +0 shield
rNeg     . . .     Faith    .   b - +0 scale mail
rPois    .         Spirit   .   (helmet restricted)
rElec    .         Reflect  .   (no cloak)
rCorr    .         Harm     .   (no gloves)
MR       .....                  (no boots)
Stlth    ..........             (no amulet)
HPRegen  0.15/turn              (no ring)
MPRegen  0.09/turn              (no ring)

@: no status effects
A: retaliatory headbutt, horns 2
a: Renounce Religion


You were on level 3 of the Dungeon.
You worshipped Okawaru.
Okawaru was noncommittal.
You were not hungry.

You visited 1 branch of the dungeon, and saw 3 of its levels.

You collected 76 gold pieces.

Inventory:

Hand Weapons
 a - a +0 long sword (weapon)
Armour
 b - a +0 scale mail (worn)
 c - a +0 shield (worn)
Scrolls
 e - 2 scrolls of amnesia {unknown}
 h - 3 scrolls of identify {unknown}
 l - a scroll of random uselessness {unknown}
 m - a scroll of fear {unknown}
Potions
 d - 3 potions of might
 g - a potion of degeneration {unknown}
 i - a potion of resistance {unknown}
 j - a potion of curing {unknown}
 n - 2 potions of cancellation {unknown}
Comestibles
 f - 4 rations
 k - 4 chunks of flesh


   Skills:
 + Level 4.4 Fighting
 * Level 4.1 Long Blades
 + Level 4.4 Armour
 + Level 2.0 Dodging
 + Level 4.2 Shields


You had 4 spell levels left.
You didn't know any spells.
Your spell library was empty.

Dungeon Overview and Level Annotations

Branches:
Dungeon (3/15)

Altars:
Okawaru


Innate Abilities, Weirdness & Mutations

You reflexively headbutt those who attack you in melee.
You have a pair of horns on your head.


Message History

Your Dodging skill increases to level 2!
Found 2 ruby potions.
Items here: ))) [[ ††
Okay, then.
A rat comes into view.
You hit the rat but do no damage. The rat barely misses you.
You completely miss the rat. The rat bites you.
You slash the rat!
You kill the rat!
Okawaru accepts your kill.
Found 22 bolts.
d - 3 potions of might (gained 1)
Found 19 stones.
n - 2 ruby potions
Items here: ))) [[ ††
Okay, then.
Welcome back, ElTigreChino the Minotaur Fighter.
Okawaru says: Bring me glory in combat!
Press ? for a list of commands and other information.
Are you sure you want to abandon this character and quit the game? (Confirm with "yes".)

♣♣.♣P...♣♣♣ .P.. (
♣♣.♣......P♣♣♣ ... ♣P
♣♣..P♣........♣♣.P
...♣..P♣P.....P.)P♣.
.....♣P.........P♣P♣♣
...P...........♣.P).♣♣
.P............♣♣..♣..♣♣
..............)♣♣.♣.PP♣♣
..P..........♣@.♣.PP.♣.♣
♣.(.......P...♣♣.P.♣♣.♣♣
.♣P.P..P.......♣..♣.♣.P♣
...P.PP..P.PP♣.P♣.♣♣♣♣.♣
......PPP.P.♣♣♣♣♣♣♣...>♣♣
.#..........♣
♣♣.......♣♣♣##
#...........
♣....#.......# ....
..#.##...###...# .
#......# ##


There were no monsters in sight!

Vanquished Creatures
  An orc wizard (D:3)
  Jessica (D:2)
  4 adders
  2 dart slugs (D:1)
  2 leopard geckos (D:1)
  4 orcs (D:3)
  2 bats
  3 giant cockroaches
  6 goblins
  3 hobgoblins
  5 jackals (D:2)
  2 frilled lizards (D:1)
  5 kobolds
  9 rats
49 creatures vanquished.

Notes
Turn   | Place    | Note
-------+----------+-------------------------------------------
     0 | D:1      | ElTigreChino the Minotaur Fighter began the quest for the
                  | Orb.
     0 | D:1      | Reached XP level 1. HP: 19/19 MP: 0/0
    94 | D:1      | Reached XP level 2. HP: 27/27 MP: 1/1
   530 | D:1      | Reached skill level 1 in Dodging
   594 | D:2      | Reached XP level 3. HP: 33/33 MP: 2/2
   803 | D:2      | Reached XP level 4. HP: 39/40 MP: 3/3
   854 | D:2      | Found an iron altar of Okawaru.
   857 | D:2      | Became a worshipper of Warmaster Okawaru
   929 | D:2      | Noticed Jessica
   935 | D:2      | Killed Jessica
  1121 | D:3      | Reached XP level 5. HP: 44/47 MP: 4/4
  1159 | D:3      | Upgraded the game from 0.24.0-13-gcf9b3192b9 to
                  | 0.24.0-123-gd5b16e6ec5
  1159 | D:3      | Quit the game

Levels and vault maps discovered:
D:1:      dpeg_arrival_boxes_within_box, layout_rooms
D:2:      layout_basic, lemuel_doored_altar, first_ration, uniq_jessica
D:3:      wad_woods_pond, layout_basic, lemuel_coloured_pillars_altar,
          uniq_robin, uniq_ijyb

Skill      XL: |  1  2  3  4  5 |
---------------+----------------+-----
Long Blades    | 3 4 |  4.1
Fighting       | 4 |  4.4
Dodging        | 1 2 |  2.0
Armour         | 4 |  4.4
Shields        | 4 |  4.2

Action                   |  1- 3 |  4- 6 || total
-------------------------+-------+-------++-------
Melee: Long sword        |    82 |    34 ||   116
       Headbutt          |    10 |    10 ||    20
  Eat: Chunk             |       |     1 ||     1
Armor: Scale mail        |    21 |    13 ||    34
Dodge: Dodged            |    19 |     6 ||    25
Block: Shield            |    32 |    11 ||    43
       Rpst.: Long sword |     3 |     1 ||     4
